 Dungeon Crawl Stone Soup version 0.24.0-1-gfbc8707 (webtiles) character file.

Game seed: 531278796760328039, levelgen mode: deterministic

397 Buxparty the Cutter (level 6, -6/52 HPs)
             Began as a Deep Dwarf Hunter on Dec 27, 2019.
             Was an Initiate of Makhleb.
             Mangled by an ogre
             ... wielding a +0 giant spiked club
              (26 damage)
             ... on level 5 of the Dungeon.
             The game lasted 00:13:21 (2968 turns).

Buxparty the Cutter (Deep Dwarf Hunter)             Turns: 2968, Time: 00:13:22

Health: -6/52      AC:  4    Str: 16    XL:     6   Next: 53%
Magic:  5/5        EV: 13    Int: 11    God:    Makhleb [......]
Gold:   233        SH:  0    Dex: 15    Spells: 5/5 levels left

rFire    . . .     SeeInvis .   a - +1 hand crossbow
rCold    . . .     Gourm    .   (no shield)
rNeg     . . .     Faith    .   c - +0 leather armour
rPois    .         Spirit   .   (no helmet)
rElec    .         Reflect  .   (no cloak)
rCorr    .         Harm     .   o - +0 pair of gloves
MR       .....                  (no boots)
Stlth    ++........             (no amulet)
HPRegen  0.00/turn              (no ring)
MPRegen  0.09/turn              (no ring)

@: non-regenerating
A: damage resistance, heal wounds, sense surroundings 1, no regeneration
a: Heal Wounds, Renounce Religion


You were on level 5 of the Dungeon.
You worshipped Makhleb.
Makhleb was noncommittal.
You were not hungry.

You visited 2 branches of the dungeon, and saw 6 of its levels.

You collected 233 gold pieces.

Inventory:

Hand Weapons
 a - a +1 hand crossbow (weapon)
 g - a +1 dagger of venom
Missiles
 d - 55 bolts (quivered)
Armour
 c - a +0 leather armour (worn)
 o - a +0 pair of gloves (worn)
Scrolls
 b - a scroll of magic mapping {unknown}
 e - a scroll of teleportation {unknown}
 j - 2 scrolls of remove curse
 l - 5 scrolls of identify
Potions
 h - a potion of resistance {unknown}
 k - a potion of degeneration {unknown}
 q - a potion of magic {unknown}
Comestibles
 f - 7 rations


   Skills:
 - Level 1.7 Fighting
 * Level 5.2 Short Blades
 - Level 4.4 Crossbows
 - Level 1.0 Armour
 + Level 3.5 Dodging
 + Level 2.4 Stealth


You had 5 spell levels left.
You didn't know any spells.
Your spell library was empty.

Dungeon Overview and Level Annotations

Branches:
Dungeon (5/15)             Temple (1/1) D:4

Altars:
Ashenzari
Cheibriados
Dithmenos
Elyvilon
Fedhas
Gozag
Hepliaklqana
Kikubaaqudgha
Makhleb
Okawaru
Qazlal
Ru
Sif Muna
Trog
Uskayaw
Vehumet
Wu Jian
Xom
Yredelemnul
Zin
The Shining One


Innate Abilities, Weirdness & Mutations

You are resistant to damage.
You can heal yourself by infusing magical energy.
You passively map a small area around you.
You do not regenerate.


Message History

The gnoll barely misses you.
The gnoll hits you from afar with a +0 spear. x2
The gnoll closely misses you.
Firing (i - inventory)
d - 56 bolts (quivered)
Press: ? - help, Shift-Dir - straight line, f/p - gnoll
Aim: a gnoll, wielding a +0 spear (heavily wounded)
You shoot a bolt. The bolt hits the gnoll!
You kill the gnoll!
Makhleb accepts your kill.
The gnoll hits you from afar with a +0 spear!
The ogre hits you with a +0 giant spiked club!
You are too injured to fight recklessly!
You feel much better. The gnoll closely misses you.
The ogre hits you with a +0 giant spiked club!!
The gnoll closely misses you.
There is a stone staircase leading up here.
The gnoll closely misses you.
The ogre hits you with a +0 giant spiked club!!
Ouch! That really hurt!
You die...

.(.........,
,,
...(......# *
...........#
.......)...#
,.......)...#
...........#
........g..#
*
........O.##
**
........@.#
,........###
...###### # *
* * ,


You could see an ogre and a gnoll.

Vanquished Creatures
  A bullfrog skeleton (D:4)
  A hound (D:4)
  An iguana (D:4)
  3 worker ants (D:4)
  9 gnolls
  7 adders
  A howler monkey skeleton (D:4)
  An ooze (D:4)
  2 worms
  6 leopard geckos
  3 orcs (D:3)
  6 bats
  5 giant cockroaches
  6 goblins
  6 hobgoblins
  6 jackals (D:1)
  2 quokkas
  A ball python skeleton (D:4)
  3 frilled lizards
  A kobold (D:2)
  10 rats
81 creatures vanquished.

Notes
Turn   | Place    | Note
-------+----------+-------------------------------------------
     0 | D:1      | Buxparty the Deep Dwarf Hunter began the quest for the Orb.
     0 | D:1      | Reached XP level 1. HP: 19/19 MP: 1/1
   133 | D:1      | Reached skill level 1 in Short Blades
   159 | D:1      | Reached XP level 2. HP: 26/26 MP: 2/2
   458 | D:1      | Reached XP level 3. HP: 29/32 MP: 3/3
   776 | D:2      | Reached skill level 2 in Short Blades
   828 | D:2      | Reached skill level 1 in Armour
  1313 | D:2      | Reached XP level 4. HP: 26/39 MP: 4/4
  1328 | D:2      | Reached skill level 3 in Short Blades
  1741 | D:3      | Reached XP level 5. HP: 45/45 MP: 4/4
  2037 | D:4      | Reached skill level 4 in Short Blades
  2144 | D:4      | Reached XP level 6. HP: 32/52 MP: 5/5
  2212 | D:4      | Found a staircase to the Ecumenical Temple.
  2244 | Temple   | Entered the Ecumenical Temple
  2266 | Temple   | Became a worshipper of Makhleb the Destroyer
  2538 | D:4      | Reached skill level 5 in Short Blades
  2943 | D:5      | Entered Level 5 of the Dungeon
  2968 | D:5      | Mangled by an ogre

Levels and vault maps discovered:
D:1:      onia_arrival_larder, layout_basic
D:2:      layout_loops_ring
D:3:      layout_loops_ring, first_ration
D:4:      layout_loops_ring, minmay_temple_entry_waves,
          minmay_misc_feat_encased, small_statue_intersection
D:5:      layout_cave_pods
Temple:   nicolae_temple_the_god_donut

Skill      XL: |  1  2  3  4  5  6 |
---------------+-------------------+-----
Short Blades   | 1 2 3 4 5 |  5.2
Armour         | 1 |  1.0
Dodging        | 3 |  3.5
Stealth        | 2 |  2.4
Fighting       | |  1.7
Crossbows      | |  4.4

Action                   |  1- 3 |  4- 6 || total
-------------------------+-------+-------++-------
Melee: Short sword       |    16 |       ||    16
       Dagger            |    92 |   108 ||   200
 Fire: Hand crossbow     |       |    31 ||    31
 Abil: Heal Wounds       |     2 |     4 ||     6
  Use: Scroll            |       |     6 ||     6
       Potion            |       |     2 ||     2
 Stab: Sleeping          |     6 |     2 ||     8
       Distracted        |     1 |       ||     1
  Eat: Ration            |     1 |     1 ||     2
       Chunk             |       |     1 ||     1
Armor: Leather armour    |    24 |    26 ||    50
Dodge: Dodged            |    77 |   100 ||   177
